 Dungeon Crawl Stone Soup version 0.30.1-3-gfc49f6343a (webtiles) character file.

Game seed: 5681745238872334050

3892 Pepete the Destroyer (level 10, -14/50 HPs)
             Began as a Gargoyle Fire Elementalist on July 28, 2023.
             Was a Follower of Vehumet.
             Demolished by an orc warlord
             ... wielding a +3 broad axe
              (37 damage)
             ... in a bailey.
             The game lasted 00:14:56 (12936 turns).

Pepete the Destroyer (Gargoyle Fire Elementalist)  Turns: 12936, Time: 00:14:58

Health: -14/50     AC: 13    Str: 12    XL:     10   Next: 19%
Magic:  11/21      EV: 11    Int: 26    God:    Vehumet [*.....]
Gold:   467        SH:  0    Dex: 10    Spells: 21/24 levels left

rFire   + . .        h - +0 short sword
rCold   . . .        (no shield)
rNeg    + . .        E - +0 robe
rPois   ∞            B - +0 helmet
rElec   +            v - +2 cloak
rCorr   .            (no gloves)
SInv    .            (no boots)
Will    .....        (no amulet)
Stlth   ++           l - +6 ring of intelligence
HPRegen 0.28/turn    o - ring of protection from fire
MPRegen 0.17/turn

%: no passive effects
@: brilliant
A: sickness immunity, AC +7, negative energy resistance 1, electricity
resistance, torment resistance 1, petrification resistance
a: Renounce Religion


You were in a bailey.
You worshipped Vehumet.
Vehumet was aware of your devotion.
You visited 2 branches of the dungeon, and saw 9 of its levels.
You also visited: Bailey.

You collected 467 gold pieces.

Inventory:

Hand Weapons
 f - a +0 club
 h - a +0 short sword (weapon)
Missiles
 z - a throwing net
Armour
 v - a +2 cloak (worn)
 B - a +0 helmet (worn)
 E - a +0 robe (worn)
 F - +0 steam dragon scales
Jewellery
 a - the ring "Paapac" {rC+ Int+3 Dex+6}
   (You found it on level 6 of the Dungeon)

   [ring of dexterity]

   Int:       It affects your intelligence (+3).
   Dex:       It affects your dexterity (+6).
   rC:        It protects you from cold.
 l - a +6 ring of intelligence (left hand)
 o - a ring of protection from fire (right hand)
 q - a ring of resist corrosion
Wands
 x - a wand of polymorph (11)
 C - a wand of digging (5)
 D - a wand of charming (7)
 G - a wand of iceblast (5)
Scrolls
 d - 2 scrolls of vulnerability
 k - a scroll of enchant weapon {unknown}
 m - a scroll of enchant armour {unknown}
 n - a scroll of poison {unknown}
 p - a scroll of identify
 w - a scroll of blinking {unknown}
 y - 4 scrolls of fog
 A - a scroll of torment {unknown}
 I - a scroll of brand weapon {unknown}
Potions
 b - a potion of invisibility
 c - 2 potions of berserk rage {unknown}
 e - 2 potions of flight {unknown}
 g - 2 potions of might
 i - a potion of magic
 j - 3 potions of brilliance
 r - 4 potions of curing
 s - 2 potions of ambrosia
 t - a potion of lignification {unknown}
 u - a potion of haste


   Skills:
 - Level 1.5 Dodging
 - Level 2.1 Stealth
 + Level 7.9 Spellcasting
 + Level 9.2 Conjurations
 + Level 8.9 Fire Magic


You had 21 spell levels left.
You knew the following spells:

 Your Spells              Type           Power      Damage    Failure   Level
a - Foxfire               Conj/Fire      100%       2x1d9     1%          1
b - Scorch                Fire           100%       2d9       1%          2

Your spell library contained the following spells:

 Spells                   Type           Power      Damage    Failure   Level
 Kiss of Death            Conj/Necr      100%       2d13      1%          1
 Flame Wave               Conj/Fire      72%        2d16      1%          4
 Inner Flame              Hex/Fire       50%        N/A       2%          3
 Volatile Blastmotes      Fire/Tloc      100%       2d18      2%          3


Dungeon Overview and Level Annotations

Branches:
Dungeon (8/15)             Temple (1/1) D:7          Bailey (1/1)
   Lair: D:8-11

Altars:
Ashenzari
Cheibriados
Dithmenos
Elyvilon
Fedhas
Gozag
Kikubaaqudgha
Makhleb
Nemelex Xobeh
Okawaru
Qazlal
Ru
Sif Muna
Trog
Uskayaw
Vehumet
Wu Jian
Xom
Yredelemnul
Zin
The Shining One

Shops:
D:4 *(   D:5 =   D:6 ?

Annotations:
D:4 1 runed translucent door, cdecastro's ghost, amateur AtWr
D:5 1 runed translucent door, spardeous's ghost, amateur DgFE


Innate Abilities, Weirdness & Mutations

You are immune to sickness and miasma.
Your stone body is resilient. (AC +7)
You are immune to poison.
You resist negative energy. (rN+)
You are resistant to electric shocks. (rElec)
You are resistant to unholy torment.
You are immune to petrification.


Message History

The foxfire hits the orc warrior.
You kill the orc warrior!
Vehumet accepts your kill.
An orc warrior comes into view. It is wielding a +0 war axe.
You feel a surge of power!
You conjure some foxfire!
Casting: Foxfire (safe; 1% risk of failure)
Confirm with . or Enter, or press ? or * to list all spells.
You feel a surge of power!
Flames lash the orc warlord.
The orc warlord is lightly wounded.
The orc warlord's fire resistance burns away.
The foxfire hits the orc warlord but does no damage.
The orc warlord is lightly wounded.
The foxfire hits the orc warlord but does no damage.
The orc warlord is lightly wounded.
You feel a surge of power!
You conjure some foxfire!
Casting: Foxfire (safe; 1% risk of failure)
Confirm with . or Enter, or press ? or * to list all spells.
You feel a surge of power!
Flames lash the orc warlord.
The orc warlord is burned terribly!
The orc warlord is lightly wounded.
The gnoll is no longer more vulnerable to fire.
The foxfire hits the orc warlord.
The orc warlord is burned terribly!
The orc warlord is lightly wounded.
The foxfire hits the orc warlord but does no damage.
The orc warlord is lightly wounded.
You feel a surge of power!
You conjure some foxfire!
The orc warlord hits you with a +3 broad axe!!!
Ouch! That really hurt!
* * * LOW HITPOINT WARNING * * *
The orc warlord hits your foxfire with a +3 broad axe!! x2
Unknown command.
Okay, then.
You feel much better.
The foxfire hits the orc warlord but does no damage.
The orc warlord is lightly wounded.
The foxfire hits the orc warlord but does no damage.
The orc warlord is lightly wounded.
The orc warlord hits you with a +3 broad axe!!!
Ouch! That really hurt!
You die...

....###
###.....#)#.### #.###
.###.###.)...### ###
...###.))......## .#
...##8..........# .#
.o#8..........# .#
.oo.....⌠....∩# .#
..#8).........# .#
..##8.o........# ###
..###.@.......##
#.### ###.###.....###
....###
###.....#'#.###
......###.........###
.g.....#...........#
.......#...........#
.⌠)))).#.....⌠.....#
...)..)'...........#
...)...#...........#


You could see an orc warlord (strong, combustible), an orc knight (strong), an
orc warrior (strong) and an orc (strong).

Vanquished Creatures
  Grinder (D:3)
  2 wyverns
  A wraith (D:7)
  2 steam dragons
  A water moccasin (D:7)
  11 orc warriors (Bailey)
  A sky beast (D:7)
  2 black bears
  2 centaurs
  2 phantoms
  A kobold brigand (D:8)
  A gnoll sergeant (D:7)
  A scorpion (D:3)
  3 killer bees (D:7)
  A howler monkey (D:6)
  2 jellies
  3 orc priests
  2 gnoll boudas
  4 hounds
  3 iguanas
  2 orc wizards
  21 gnolls
  7 adders
  A shadow imp (D:5)
  2 white imps (D:5)
  2 ufetubi
  2 dart slugs (D:1)
  26 orcs
  7 ball pythons
  6 endoplasms
  6 giant cockroaches
  18 goblins
  14 hobgoblins
  5 jackals
  7 quokkas
  5 bats
  2 frilled lizards
  7 kobolds
  7 rats
193 creatures vanquished.

Vanquished Creatures (others)
  A goblin (D:8)
  824 foxfires
825 creatures vanquished.

Grand Total: 1018 creatures vanquished

Notes
Turn   | Place    | Note
-------+----------+-------------------------------------------
     0 | D:1      | Pepete the Gargoyle Fire Elementalist began the quest for
                  | the Orb.
     0 | D:1      | Reached XP level 1. HP: 10/10 MP: 3/3
   445 | D:1      | Reached XP level 2. HP: 7/15 MP: 0/5
  1188 | D:1      | Learned a level 2 spell: Scorch
  1664 | D:1      | Reached XP level 3. HP: 19/19 MP: 1/6
  1672 | D:1      | Reached skill level 2 in Conjurations
  2505 | D:2      | Reached XP level 4. HP: 24/24 MP: 0/8
  2815 | D:2      | Identified the +10 spear of Noififus {flame, *Corrode rF+++
                  | Dex+5 Stlth+}
  3012 | D:2      | Found a faded altar of an unknown god.
  3562 | D:3      | Found a basalt altar of Yredelemnul.
  3563 | D:3      | Noticed a scorpion
  3569 | D:3      | Killed a scorpion
  3570 | D:3      | Reached skill level 3 in Conjurations
  3570 | D:3      | Reached XP level 5. HP: 28/28 MP: 1/9
  3869 | D:3      | Found a snail-covered altar of Cheibriados.
  4497 | D:3      | Noticed Grinder
  4498 | D:3      | Paralysed by Grinder for 4 turns
  4519 | D:3      | Killed Grinder
  4520 | D:3      | Reached skill level 4 in Conjurations
  4520 | D:3      | Reached XP level 6. HP: 20/32 MP: 1/12
  5225 | D:4      | Reached skill level 5 in Fire Magic
  5294 | D:4      | Identified the +1 leather armour of Kleptomania {rElec
                  | Int-5 Stlth+}
  5325 | D:3      | Reached XP level 7. HP: 17/36 MP: 2/13
  5826 | D:4      | Found Dymach's Neck Hole.
  5872 | D:4      | Found Nebbalit's Weapon Emporium.
  6212 | D:4      | Found a runed translucent door.
  6214 | D:4      | Noticed cdecastro's ghost (amateur AtWr)
  6651 | D:4      | Found an ornate altar of the Wu Jian Council.
  6965 | D:5      | Entered Level 5 of the Dungeon
  6969 | D:5      | Reached skill level 5 in Conjurations
  7300 | D:5      | Found Dobush's Jewellery Emporium.
  7325 | D:5      | Found a runed translucent door.
  7325 | D:5      | Noticed spardeous's ghost (amateur DgFE)
  7672 | D:5      | Noticed a wyvern
  7680 | D:5      | Killed a wyvern
  7681 | D:5      | Reached skill level 5 in Spellcasting
  7681 | D:5      | Reached XP level 8. HP: 31/41 MP: 6/15
  8183 | D:6      | Reached skill level 6 in Conjurations
  8223 | D:6      | Found Suzeox's Magic Scroll Boutique.
  9447 | D:6      | Identified the ring "Paapac" {rC+ Int+3 Dex+6}
  9523 | D:6      | Noticed a wyvern
  9530 | D:6      | Killed a wyvern
  9665 | D:7      | Reached skill level 7 in Conjurations
 10038 | D:7      | Reached XP level 9. HP: 39/45 MP: 10/18
 10196 | D:7      | Found a staircase to the Ecumenical Temple.
 10226 | Temple   | Entered the Ecumenical Temple
 10522 | Temple   | Became a worshipper of Vehumet
 11070 | D:8      | Found a hide-covered altar of Uskayaw.
 11099 | D:8      | Found a flagged portal.
 11107 | D:8      | Reached skill level 8 in Conjurations
 11259 | Bailey   | Entered a bailey
 11842 | Bailey   | Reached * piety under Vehumet
 11842 | Bailey   | Offered knowledge of Kiss of Death by Vehumet.
 12004 | Bailey   | Reached XP level 10. HP: 4/50 MP: 4/21
 12333 | Bailey   | Reached skill level 9 in Conjurations
 12925 | Bailey   | Noticed an orc warlord
 12926 | Bailey   | Noticed an orc knight
 12936 | Bailey   | Demolished by an orc warlord

Illustrated notes

Levels and vault maps discovered:
D:1:      dpeg_arrival_circle_labyrinth_a, layout_loops_ring,
          hangedman_decor_opposing
D:2:      layout_basic, ebering_ecumenical_altar_petrified
D:3:      layout_loops_cross, grunt_temple_overflow_open,
          kennysheep_generic_room_15, uniq_grinder
D:4:      layout_basic, nzn_wu_jian_council_hall, ebering_ghost_inner_flame,
          serial_shops, shop, nicolae_shop_sticking_my_neck_out
D:5:      layout_rooms, hellmonk_ghost_happy_afterlife, serial_corexii_hall,
          corexii_hall_statues_l, corexii_hall_statues_x,
          corexii_hall_statues_i, chequers_hall_statues_wall_a, serial_shops,
          shop
D:6:      layout_loops_ring, serial_shops, nicolae_shop_tiny_real_fake_doors,
          chequers_avenue
D:7:      layout_basic, minmay_temple_entry_glass
D:8:      minmay_razor_zed, layout_basic,
          mainiacjoe_overflow_concentric_impassable, enter_bailey_3,
          enter_ossuary_3
Temple:   minmay_temple_bridge_d
Bailey:   bailey_axe_minmay_hex_keep, bailey

Skill      XL: |  1  2  3  4  5  6  7  8  9 10 |
---------------+-------------------------------+-----
Conjurations   | 2 3 4 5 7 8 9 |  9.2
Spellcasting   | 3 4 5 6 7 |  7.9
Fire Magic     | 4 5 6 7 8 |  8.9
Dodging        | |  1.5
Stealth        | |  2.1

Action                     |  1- 3 |  4- 6 |  7- 9 | 10-12 || total
---------------------------+-------+-------+-------+-------++-------
  Melee: Club              |    10 |       |       |       ||    10
         Short sword       |    13 |    21 |    61 |       ||    95
         Punch             |       |     1 |       |       ||     1
   Cast: Foxfire           |    96 |   121 |   211 |    75 ||   503
         Scorch            |       |    19 |    86 |    11 ||   116
  Evoke: Wand              |       |       |       |     1 ||     1
    Use: Scroll            |       |     5 |     7 |     1 ||    13
         Potion            |       |       |    10 |     2 ||    12
 Armour: Robe              |     9 |    14 |    46 |     3 ||    72
  Dodge: Dodged            |    36 |    15 |    85 |     2 ||   138
